 Dungeon Sprint DCSS version 0.30.1-4-g462c640d31 (webtiles) character file.

Game seed: 8980273018630539422

445 Heoruswealwe the Cleaver (level 7, 0/69 HPs)
             Began as a Hill Orc Fighter on Sept 5, 2023.
             Was the Champion of Zin.
             Succumbed to Sonja's poison
             ... in the Dungeon (Sprint I: "Red Sonja").
             The game lasted 00:04:47 (303 turns).

Heoruswealwe the Cleaver (Hill Orc Fighter)          Turns: 303, Time: 00:04:47

Health: 0/69       AC:  8    Str: 21    XL:     7   Next: 3%
Magic:  13/13      EV:  9    Int:  8    God:    Zin [******]
Gold:   316        SH:  5    Dex: 10    Spells: 6/6 levels left

rFire   . . .        a - +0 war axe
rCold   . . .        d - +0 buckler
rNeg    . . .        c - +0 scale mail
rPois   .            (no helmet)
rElec   .            (no cloak)
rCorr   .            (no gloves)
SInv    .            (no boots)
Will    .....        (no amulet) Stlth
                     (no ring)
HPRegen 0.31/turn    (no ring)
MPRegen 0.13/turn

%: no teleportation
@: mighty, lethally poisoned (0 -> -85), hasted and slowed
A: no striking features
a: Renounce Religion, Recite, Vitalisation, Imprison, Sanctuary, Donate Gold


You were in the Dungeon.
You worshipped Zin.
Zin was exalted by your worship.
You visited 1 branch You collected 351 gold pieces.
You donated 35 gold pieces to Zin.

Inventory:

Hand Weapons
 a - a +0 war axe (weapon)
Armour
 c - a +0 scale mail (worn)
 d - a +0 buckler (worn)
Wands
 k - a wand of digging (5)
Scrolls
 j - a scroll of blinking
Potions
 e - a potion of flight {unknown}


   Skills:
 + Level 8.6 Fighting
 + Level 8.9 Axes
 + Level 7.8 Armour
 + Level 7.8 Shields
 + Level 8.3 Invocations


You had 6 spell levels left.
You didn't know any spells.
Your spell library was empty.

Dungeon Overview and Level Annotations

Branches:
Dungeon (1/1)

Altars:
Cheibriados
Dithmenos
Elyvilon
Fedhas
Gozag
Hepliaklqana
Kikubaaqudgha
Nemelex Xobeh
Okawaru
Qazlal
Ru
Sif Muna
Trog
Uskayaw
Vehumet
Wu Jian
Yredelemnul
Zin
The Shining One

Shops:
D (

Annotations:
D Sonja


Message History

There is an open door here.
You feel yourself speed up.
You feel sick.
Sonja hits you with a +2 short sword of venom. x2
You are more poisoned.
Sonja hits you but does no damage.
You are more poisoned.
Sonja hits you with a +2 short sword of venom.
You are more poisoned.
Sonja hits you with a +2 short sword of venom.
You are more poisoned.
Sonja hits you but does no damage.
You are lethally poisoned!
You feel very mighty all of a sudden.
You feel extremely sick.
Sonja gestures wildly while chanting.
Sonja blinks!
Sonja throws a curare-tipped dart.
The curare-tipped dart hits you.
You are more poisoned.
You have difficulty breathing.
You feel as though you will be slow longer.
You feel much better.
You feel extremely sick.
Sonja throws a curare-tipped dart.
The curare-tipped dart hits you.
You are lethally poisoned!
You have difficulty breathing.
You feel as though you will be slow longer.
You feel extremely sick.
Sonja hits you with a +2 short sword of venom.
You are more poisoned.
Sonja hits you with a +2 short sword of venom.
You are more poisoned.
Sonja hits you with a +2 short sword of venom.
You are more poisoned.
You block Sonja's attack. Sonja misses you.
Sonja hits you with a +2 short sword of venom!
* * * LOW HITPOINT WARNING * * *
You are more poisoned.
There is a radiant altar of Vehumet, spattered with blood here.
You barely miss Sonja.
You die...

################
#<.#..!..#..'..#
#..)..#..').#..+
#..#####'#####'#
#..####..#...#.#
#..#__####..##[#
#..#_____##'#_.+
#⌠⌠#_.∩...K..._#
##.#_..__##@.#'#
#..#_____###'#)#
########## #.###
$.$ #$.$# ##.##
#+#


You could see Sonja.

Vanquished Creatures
  Sigmund (D)
  A yak (D)
  An ogre (D)
  A jelly (D)
  Ijyb (D)
5 creatures vanquished.

Notes
Turn   | Place    | Note
-------+----------+-------------------------------------------
     0 | D        | Heoruswealwe the Hill Orc Fighter began the quest for the
                  | Orb.
     0 | D        | Reached XP level 1. HP: 19/19 MP: 1/1
     2 | D        | Noticed Ijyb
     9 | D        | Killed Ijyb
    10 | D        | Reached XP level 2. HP: 28/28 MP: 1/4
    10 | D        | Reached XP level 3. HP: 34/34 MP: 1/5
    32 | D        | Noticed an ogre
    37 | D        | Killed an ogre
    38 | D        | Reached skill level 5 in Axes
    38 | D        | Reached skill level 5 in Armour
    38 | D        | Reached skill level 5 in Shields
    38 | D        | Reached skill level 5 in Invocations
    38 | D        | Reached XP level 4. HP: 44/44 MP: 3/7
    64 | D        | Noticed Sigmund
    76 | D        | Killed Sigmund
    77 | D        | Reached XP level 5. HP: 49/52 MP: 7/10
    77 | D        | Reached XP level 6. HP: 57/60 MP: 7/11
    89 | D        | Found an ornate altar of the Wu Jian Council.
    89 | D        | Found a shimmering blue altar of Sif Muna.
    91 | D        | Found a radiant altar of Vehumet.
   120 | D        | Found Inyg's Antique Weapon Emporium.
   120 | D        | Found an ancient bone altar of Kikubaaqudgha.
   120 | D        | Found a hazy altar of Hepliaklqana.
   120 | D        | Found a stormy altar of Qazlal.
   120 | D        | Found a hide-covered altar of Uskayaw.
   120 | D        | Found a blossoming altar of Fedhas.
   120 | D        | Found a bloodstained altar of Trog.
   120 | D        | Found an iron altar of Okawaru.
   120 | D        | Found a basalt altar of Yredelemnul.
   120 | D        | Found a glowing golden altar of the Shining One.
   120 | D        | Found a snail-covered altar of Cheibriados.
   120 | D        | Found a sacrificial altar of Ru.
   120 | D        | Found a glowing silver altar of Zin.
   120 | D        | Found a shadowy altar of Dithmenos.
   120 | D        | Found a white marble altar of Elyvilon.
   120 | D        | Noticed a yak
   136 | D        | Killed a yak
   137 | D        | Reached XP level 7. HP: 23/69 MP: 11/13
   137 | D        | Found an opulent altar of Gozag.
   138 | D        | Found a sparkling altar of Nemelex Xobeh.
   288 | D        | Became a worshipper of Zin the Law-Giver
   288 | D        | Reached * piety under Zin
   288 | D        | Reached ** piety under Zin
   288 | D        | Reached *** piety under Zin
   288 | D        | Reached **** piety under Zin
   288 | D        | Reached ***** piety under Zin
   288 | D        | Reached ****** piety under Zin
   297 | D        | Noticed Sonja
   303 | D        | Succumbed to Sonja's poison

Illustrated notes

Levels and vault maps discovered:
D:        dungeon_sprint_1 [red_sonja_temple_1, red_sonja_temple_small_1]

Skill      XL: |  1  2  3  4  5  6 |
---------------+-------------------+-----
Fighting       | 4 6 7 8 |  8.6
Axes           | 4 5 7 8 |  8.9
Armour         | 4 5 6 7 |  7.8
Shields        | 4 5 6 7 |  7.8
Invocations    | 3 5 7 8 |  8.3

Action                     |  1- 3 |  4- 6 |  7- 9 || total
---------------------------+-------+-------+-------++-------
  Melee: War axe           |    10 |    28 |     1 ||    39
  Evoke: Wand              |     1 |       |       ||     1
    Use: Potion            |     1 |     1 |     3 ||     5
 Armour: Scale mail        |     3 |     4 |     2 ||     9
  Dodge: Dodged            |     4 |     5 |     1 ||    10
  Block: Buckler           |     1 |     3 |     1 ||     5
